 Dungeon Crawl Stone Soup version 0.30.1-4-g462c640d31 (webtiles) character file.

Game seed: 13699070912915387588

108 LynnLen the Sneak (level 4, 0/21 HPs)
             Began as a Spriggan Enchanter on Aug 14, 2023.
             Hit by a stone thrown by a gnoll (6 damage)
             ... on level 2 of the Dungeon.
             The game lasted 00:07:45 (2053 turns).

LynnLen the Sneak (Spriggan Enchanter)              Turns: 2053, Time: 00:07:46

Health: 0/21       AC:  2    Str:  6    XL:     4   Next: 58%
Magic:  1/10       EV: 17    Int: 16    God:
Gold:   32         SH:  0    Dex: 15    Spells: 2/10 levels left

rFire   . . .        a - +1 dagger
rCold   . . .        (no shield)
rNeg    . . .        b - +0 robe
rPois   .            (helmet restricted)
rElec   .            (no cloak)
rCorr   .            (gloves unavailable)
SInv    +            (boots unavailable)
Will    .....        (no amulet)
Stlth   +++          (no ring)
HPRegen 0.23/turn    (no ring)
MPRegen 0.12/turn

%: no passive effects
@: very quick
A: very small, no large weapons, unfitting armour, see invisible, speed 3
a: no special abilities


You were on level 2 of the Dungeon.
You visited 1 branch of the dungeon, and saw 2 of its levels.

You collected 32 gold pieces.

Inventory:

Hand Weapons
 a - a +1 dagger (weapon)
Missiles
 d - 7 poisoned darts
Armour
 b - a +0 robe (worn)
Jewellery
 i - a +6 ring of intelligence
 n - an amulet of faith
Wands
 q - a wand of flame (23)
Scrolls
 e - a scroll of immolation {unknown}
 f - 2 scrolls of fear {unknown}
 j - a scroll of enchant armour {unknown}
 k - a scroll of teleportation
 m - a scroll of identify
Potions
 c - 2 potions of invisibility
 g - a potion of mutation
 h - a potion of degeneration {unknown}
 l - a potion of heal wounds {unknown}
 o - a potion of lignification {unknown}
 p - a potion of curing {unknown}
 r - a potion of magic {unknown}


   Skills:
 + Level 0.8 Fighting
 + Level 1.8 Short Blades
 + Level 0.9 Throwing
 + Level 3.2 Dodging
 + Level 4.7 Stealth
 * Level 3.5 Spellcasting
 * Level 4.4 Hexes
 * Level 1.0 Ice Magic


You had 2 spell levels left.
You knew the following spells:

 Your Spells              Type           Power      Damage    Failure   Level
a - Ensorcelled Hibernat  Hex/Ice        22%        N/A       9%          2
b - Confusing Touch       Hex            17%        N/A       9%          3
c - Tukima's Dance        Hex            17%        N/A       9%          3

Your spell library contained the following spells:

 Spells                   Type           Power      Damage    Failure   Level
 Static Discharge         Conj/Air       4%         2-3/arc   26%         2
 Dazzling Flash           Conj/Hex       18%        N/A       22%         3
 Airstrike                Air            1%         2d(1-17)  87%         4
 Summon Lightning Spire   Summ/Air       2%         N/A       87%         4


Dungeon Overview and Level Annotations

Branches:
Dungeon (2/15)

Altars:

Shops:
D:2 :(??


Innate Abilities, Weirdness & Mutations

You are very small and have problems with some larger weapons.
You are too small for most types of armour.
You have supernaturally acute eyesight. (SInv)
You cover ground extremely quickly. (Speed+++)


Message History

Throw: 9 darts (poison)
Press: ? - help, Q - select action, (/) - cycle Shift-Dir - straight line, f/p - gnoll
Aim: a gnoll, wielding a +0 spear (61% to hit)
You throw a poisoned dart. The poisoned dart hits the gnoll.
The gnoll is poisoned.
Unknown command.
Throw: 8 darts (poison)
Press: ? - help, Q - select action, (/) - cycle Shift-Dir - straight line, f/p - gnoll
Aim: a gnoll, wielding a +0 spear (poisoned, 61% to hit)
You throw a poisoned dart.
The poisoned dart barely misses the gnoll.
Unknown command.
Aiming: Ensorcelled Hibernation (safe; 9% risk of failure)
Press: ? - help, Q - select action, (/) - cycle Shift-Dir - straight line, f/p - gnoll
Aim: a gnoll, wielding a +0 spear (lightly wounded, poisoned, chance to affect: 53%)
The gnoll looks drowsy...
The gnoll looks more healthy.
The gnoll shouts!
The gnoll shouts!
You hit the gnoll.
The gnoll is moderately wounded.
The gnoll hits you with a +0 spear.
You barely miss the gnoll.
The gnoll is moderately wounded.
The gnoll completely misses you.
You closely miss the gnoll.
The gnoll is moderately wounded.
The gnoll misses you.
You hit the gnoll.
The gnoll is heavily wounded.
The gnoll hits you with a +0 spear!
You hit the gnoll.
The gnoll is severely wounded.
The gnoll hits you with a +0 spear.
You hit the gnoll.
You kill the gnoll!
The gnoll throws a stone.
The stone hits you.
* * * LOW HITPOINT WARNING * * *
The gnoll throws a stone.
The stone hits you.
You die...

#..........#<###.###
####.#####.#.......#
...# #.......### #####
#######.# #.# #.# #.#
####################.#
.....((.....g...@....#
######################


You could see a gnoll.

Vanquished Creatures
  Natasha (D:2)
  Robin (D:2)
  2 gnolls (D:2)
  2 worms (D:2)
  A ball python (D:2)
  5 bats
  2 endoplasms
  2 giant cockroaches (D:2)
  11 goblins
  8 hobgoblins
  2 quokkas
  A frilled lizard (D:2)
  3 kobolds
  2 rats
43 creatures vanquished.

Notes
Turn   | Place    | Note
-------+----------+-------------------------------------------
     0 | D:1      | LynnLen the Spriggan Enchanter began the quest for the Orb.
     0 | D:1      | Reached XP level 1. HP: 9/9 MP: 5/5
   416 | D:1      | Reached XP level 2. HP: 13/13 MP: 6/6
   419 | D:1      | Learned a level 2 spell: Ensorcelled Hibernation
   813 | D:2      | Noticed Robin
   876 | D:2      | Found Ynobull's Book Emporium.
   998 | D:2      | Killed Robin
   999 | D:2      | Reached XP level 3. HP: 9/16 MP: 3/8
  1295 | D:2      | Learned a level 3 spell: Confusing Touch
  1299 | D:2      | Learned a level 3 spell: Tukima's Dance
  1592 | D:2      | Found a faded altar of an unknown god.
  1616 | D:2      | Reached XP level 4. HP: 21/21 MP: 5/10
  1664 | D:2      | Found Yshu's Magic Scroll Shoppe.
  1670 | D:2      | Noticed Natasha
  1816 | D:2      | Killed Natasha
  1817 | D:2      | Reached skill level 1 in Ice Magic
  1950 | D:2      | Found Yritiqox's Weapon Shop.
  1960 | D:2      | Found Loheonuf's Magic Scroll Boutique.
  2053 | D:2      | Hit by a stone thrown by a gnoll

Illustrated notes

Levels and vault maps discovered:
D:1:      dpeg_arrival_simpleton_b, layout_loops_cross
D:2:      layout_basic, chequers_ecumenical_altar_island, serial_shops,
          nicolae_lakefront_shop, nicolae_shop_hallway_stairs,
          nicolae_shop_stone, nicolae_shop_gaudy_bauble,
          nicolae_shop_tiny_glass, uniq_robin, uniq_crazy_yiuf_cottage,
          uniq_natasha

Skill      XL: |  1  2  3  4 |
---------------+-------------+-----
Spellcasting   | 3 |  3.5
Hexes          | 4 |  4.4
Dodging        | 3 |  3.2
Ice Magic      | 1 |  1.0
Fighting       | |  0.8
Short Blades   | |  1.8
Throwing       | |  0.9
Stealth        | |  4.7

Action                     |  1- 3 |  4- 6 || total
---------------------------+-------+-------++-------
  Melee: Dagger            |   108 |    26 ||   134
  Throw: Dart              |       |     2 ||     2
   Cast: Ensorcelled Hiber |    12 |    13 ||    25
    Use: Scroll            |     2 |       ||     2
   Stab: Sleeping          |    14 |     2 ||    16
         Distracted        |     1 |       ||     1
 Armour: Robe              |    15 |     1 ||    16
  Dodge: Dodged            |    97 |    19 ||   116
